 Dungeon Crawl Stone Soup version 0.26.1 (webtiles) character file.

Game seed: 6925626861696913306

172 hawla the Conjurer (level 5, -3/38 HPs)
             Began as a Draconian Conjurer on Feb 5, 2021.
             Slain by a two-headed ogre
             ... wielding a +0 giant spiked club
              (12 damage)
             ... on level 3 of the Dungeon.
             The game lasted 00:09:03 (3125 turns).

hawla the Conjurer (Draconian Conjurer)             Turns: 3125, Time: 00:09:03

Health: -3/38      AC:  7    Str:  9    XL:     5   Next: 27%
Magic:  2/9        EV: 12    Int: 20    God:
Gold:   115        SH:  0    Dex:  9    Spells: 7/10 levels left

rFire    . . .     SeeInvis .   (no weapon)
rCold    . . .     Faith    .   (no shield)
rNeg     . . .     Spirit   .   (armour unavailable)
rPois    .         Reflect  .   (helmet restricted)
rElec    .         Harm     .   (no cloak)
rCorr    .         Rampage  .   (no gloves)
Will     .....                  k - +1 pair of boots {Fly}
Stlth    ++........             (no amulet)
HPRegen  0.12/turn              (no ring)
MPRegen  0.11/turn              (no ring)

@: flying
A: unfitting armour, horns 1, stinger 1, cold-blooded, AC +5
a: Stop Flying


You were on level 3 of the Dungeon.
You visited 1 branch of the dungeon, and saw 3 of its levels.

You collected 115 gold pieces.

Inventory:

Missiles
 c - 17 poisoned darts
 j - 3 boomerangs
Armour
 k - a +1 pair of boots of flying (worn)
Jewellery
 g - an uncursed amulet of guardian spirit
Scrolls
 b - 2 scrolls of remove curse {unknown}
 d - a scroll of fog
 e - a scroll of enchant armour {unknown}
 f - a scroll of enchant weapon
 i - 2 scrolls of identify
Potions
 a - a potion of curing
 h - 2 potions of cancellation {unknown}
 l - a potion of brilliance {unknown}


   Skills:
 - Level 1.7 Dodging
 - Level 1.7 Stealth
 + Level 3.3 Spellcasting
 * Level 5.9 Conjurations


You had 7 spell levels left.
You knew the following spells:

 Your Spells              Type           Power        Failure   Level
a - Magic Dart            Conj           100%         1%          1
b - Searing Ray           Conj           52%          1%          2

Your spell library contained the following spells:

 Spells                   Type           Power        Failure   Level
 Dazzling Flash           Conj/Hex       30%          12%         3
 Fulminant Prism          Conj/Hex       7%           38%         4
 Iskenderun's Mystic Bla  Conj/Tloc      15%          38%         4


Dungeon Overview and Level Annotations

Branches:
Dungeon (3/15)

Altars:


Innate Abilities, Weirdness & Mutations

Your plain brown scales are hard. (AC +5)
You cannot fit into any form of body armour.
You are cold-blooded and may be slowed by cold attacks.
You have a pair of small horns on your head.
Your tail ends in a poisonous barb.


Message History

HP restored.
You start resting.
A two-headed ogre comes into view.
It is wielding a +0 giant spiked club and a +0 giant club.
Casting: Magic Dart (safe; 1% risk of failure)
Confirm with . or Enter, or press ? or * to list all spells.
Aiming: Searing Ray (safe; 1% risk of failure)
Press: ? - help, Shift-Dir - straight line, f - two-headed ogre
Aim: a two-headed ogre, wielding a +0 giant spiked club and a +0 giant club (wandering, hasn't noticed you, 10% to evade)
The searing ray hits the two-headed ogre!
The two-headed ogre is lightly wounded.
The two-headed ogre shouts in stereo! (Press . to maintain the ray.)
The two-headed ogre closely misses you.
The two-headed ogre hits you with a +0 giant club!!
Ouch! That really hurt!
You feel better.
The two-headed ogre hits you with a +0 giant spiked club!
* * * LOW HITPOINT WARNING * * *
The two-headed ogre hits you with a +0 giant club!
You die...

.............#..
.................. ..
.................#
..##
.................
..... ......h.......#
..... .>...........#
..... ###........).##
#.†###.............##
#..)@#.#...†.##.##..#
#.##!O....#.###.###.#
#..........##.# #.#
#<. #............#.#
#.# ##.
........)....#.# #.#
# ..#..........#.#
#.# # #..........#.#
... ............#.>
.#. ###.........#


You could see a two-headed ogre.

Vanquished Creatures
  A hound (D:2)
  5 adders
  3 worms (D:2)
  2 dart slugs
  3 leopard geckos
  2 orcs (D:3)
  3 ball pythons
  3 giant cockroaches
  4 hobgoblins
  18 jackals
  A quokka (D:3)
  9 bats
  9 frilled lizards
  6 goblins
  6 kobolds
  6 rats
81 creatures vanquished.

Notes
Turn   | Place    | Note
-------+----------+-------------------------------------------
     0 | D:1      | hawla the Draconian Conjurer began the quest for the Orb.
     0 | D:1      | Reached XP level 1. HP: 14/14 MP: 3/3
   246 | D:1      | Reached XP level 2. HP: 20/20 MP: 1/5
   765 | D:1      | Reached XP level 3. HP: 25/26 MP: 1/6
   778 | D:1      | Learned a level 2 spell: Searing Ray
  1190 | D:2      | Gained mutation: You have a pair of small horns on your
                  | head. [potion of mutation]
  1190 | D:2      | Gained mutation: Your tail ends in a poisonous barb.
                  | [potion of mutation]
  1398 | D:2      | Reached skill level 5 in Conjurations
  1398 | D:2      | Reached XP level 4. HP: 33/33 MP: 2/8
  2666 | D:2      | Reached XP level 5. HP: 38/38 MP: 3/9
  3123 | D:3      | Noticed a two-headed ogre
  3125 | D:3      | Slain by a two-headed ogre

Illustrated notes

Levels and vault maps discovered:
D:1:      lightli_iron_boxes, layout_loops_ring, minmay_tiny_reverse_x
D:2:      layout_loops_ring, kennysheep_nub, minmay_unequal
D:3:      layout_rooms, minmay_hedge_maze

Skill      XL: |  1  2  3  4 |
---------------+-------------+-----
Conjurations   | 5 |  5.9
Spellcasting   | 3 |  3.3
Dodging        | |  1.7
Stealth        | |  1.7

Action                   |  1- 3 |  4- 6 || total
-------------------------+-------+-------++-------
Melee: Unarmed           |    32 |    60 ||    92
       Tailslap          |     3 |     5 ||     8
       Headbutt          |       |     7 ||     7
 Cast: Magic Dart        |    57 |    37 ||    94
       Searing Ray       |     3 |    19 ||    22
  Use: Scroll            |     6 |     2 ||     8
       Potion            |     1 |     2 ||     3
Armor: Skin              |    17 |    16 ||    33
Dodge: Dodged            |    27 |    57 ||    84
